 Dungeon Crawl Stone Soup version 0.28.0-53-g5a82cb258f (webtiles) character file.

Game seed: 18134213995380014446

201 Legadrian the Skirmisher (level 5, -2/37 HPs)
             Began as a Gargoyle Fighter on July 2, 2022.
             Slain by an ogre
             ... wielding a +0 giant spiked club
              (9 damage)
             ... on level 1 of the Dungeon.
             The game lasted 00:09:48 (2997 turns).

Legadrian the Skirmisher (Gargoyle Fighter)         Turns: 2997, Time: 00:09:49

Health: -2/37      AC: 10    Str: 27    XL:     5   Next: 79%
Magic:  5/5        EV:  9    Int:  9    God:
Gold:   176        SH:  4    Dex:  9    Spells: 4/4 levels left

rFire   . . .      SeeInvis .   f - +2 dagger (pain)
rCold   . . .      Faith    .   b - +0 buckler
rNeg    + . .      Spirit   .   a - +0 scale mail
rPois   ∞          Reflect  .   (no helmet)
rElec   +          Harm     .   (no cloak)
rCorr   .          Rampage  .   (no gloves)
Will    .....                   (no boots)
Stlth   ..........              (no amulet)
HPRegen 0.12/turn               m - +6 ring of strength
MPRegen 0.09/turn               (no ring)

@: no status effects
A: sickness immunity, AC +4, negative energy resistance 1, electricity
resistance, torment resistance 1, petrification resistance
a: no special abilities


You were on level 1 of the Dungeon.
You visited 1 branch of the dungeon, and saw 3 of its levels.

You collected 176 gold pieces.

Inventory:

Hand Weapons
 f - a +2 dagger of pain (weapon)
 g - a +2 great mace of draining
 r - a +2 long sword of holy wrath
Armour
 a - a +0 scale mail (worn)
 b - a +0 buckler (worn)
 j - the +0 robe of Exclusion {rF+ rN+}
   (You took it off a kobold on level 2 of the Dungeon)

   rF:        It protects you from fire.
   rN:        It protects you from negative energy.
Jewellery
 m - a +6 ring of strength (left hand)
Wands
 p - a wand of polymorph (6)
Scrolls
 d - 2 scrolls of identify {unknown}
 e - a scroll of blinking {unknown}
 h - a scroll of vulnerability {unknown}
 l - a scroll of enchant weapon {unknown}
 n - 2 scrolls of fog {unknown}
 q - a scroll of immolation {unknown}
Potions
 c - a potion of might
 i - a potion of flight {unknown}
 k - 2 potions of degeneration {unknown}
 o - a potion of curing {unknown}


   Skills:
 + Level 6.9 Fighting
 - Level 3.2 Armour
 - Level 3.2 Shields
 - Level 2.0 Unarmed Combat


You had 4 spell levels left.
You didn't know any spells.
Your spell library contained the following spells:

 Spells                   Type           Power      Damage    Failure   Level
 Foxfire                  Conj/Fire      0%         2x1d4     75%         1
 Corpse Rot               Necr/Air       0%         N/A       87%         2
 Poisonous Vapours        Pois/Air       0%         N/A       87%         2
 Conjure Flame            Conj/Fire      0%         6-21      98%         3
 Gell's Gravitas          Tloc           0%         N/A       98%         3
 Inner Flame              Hex/Fire       0%         N/A       98%         3
 Lesser Beckoning         Tloc           0%         N/A       98%         3
 Teleport Other           Tloc           0%         N/A       98%         3
 Dispel Undead            Necr           0%         3d6       100%        4
 Flame Wave               Conj/Fire      0%         2d4       100%        4
 Death Channel            Necr           0%         N/A       100%        6


Dungeon Overview and Level Annotations

Branches:
Dungeon (3/15)

Altars:
Qazlal
Vehumet


Innate Abilities, Weirdness & Mutations

You are immune to sickness and miasma.
Your stone body is resilient. (AC +4)
You are immune to poison.
You resist negative energy. (rN+)
You are resistant to electric shocks. (rElec)
You are resistant to unholy torment.
You are immune to petrification.


Message History

You climb upwards.
There is a stone staircase leading down here.
There is an open door here.
There is an open door, spattered with blood here.
You see here a +0 dagger.
You see here a +0 dagger.
You see here a +0 glaive.
There is an open door here.
There is an open door here.
As you open the door, it creaks loudly!
There is an open door here.
There is an open door here.
There is an open door here.
You open the door.
There is an open door here.
There is a stone staircase leading up here.
There is an open door here.
There is an open door here.
There is an open door here.
There is an escape hatch in the ceiling here.
You can't go down here!
A mysterious force pulls you upwards. The hatch slams shut behind you.
The ogre shouts!
You hit the ogre.
The ogre is lightly wounded.
The ogre misses you.
You hit the ogre.
The ogre is lightly wounded.
The ogre hits you with a +0 giant spiked club!
You barely miss the ogre.
The ogre is lightly wounded.
You hit the ogre.
The ogre is moderately wounded.
The ogre hits you with a +0 giant spiked club!!
Ouch! That really hurt!
* * * LOW HITPOINT WARNING * * *
There is an open door here.
There is an escape hatch in the floor here.
The ogre hits you with a +0 giant spiked club!
You die...

#.........##..#####.#####........
..........##..#...#.#...#.#......
...#########..#...'.#.<.#.#..####
...# #..#...#.#...#.#..#### ...#
#..#####.##'##.#...... ...#
#..............#...... ...##
#..##'##.#####........ ....#
#..#.O.#.#...#........ ....#
#..#.@.#.'...#.##.#### #...#
#..#...#.#...#.##.# #...#
#..#####.#####.##.#
#...########..............##.#
#..[......................##'####
#............#########...........
####.....(...# #...........
########### #...........
#...........


You could see an ogre.

Vanquished Creatures
  A necrophage (D:3)
  5 adders (D:2)
  2 worms
  3 dart slugs
  3 orcs (D:3)
  4 endoplasms
  2 giant cockroaches (D:2)
  8 goblins
  4 hobgoblins
  4 kobolds
  3 quokkas
  6 ball pythons
  5 bats
  4 frilled lizards
  3 rats
57 creatures vanquished.

Notes
Turn   | Place    | Note
-------+----------+-------------------------------------------
     0 | D:1      | Legadrian the Gargoyle Fighter began the quest for the Orb.
     0 | D:1      | Reached XP level 1. HP: 14/14 MP: 1/1
   374 | D:1      | Reached XP level 2. HP: 20/20 MP: 2/2
   464 | D:1      | Reached skill level 4 in Fighting
   872 | D:2      | Reached XP level 3. HP: 21/24 MP: 3/3
   970 | D:2      | Identified the +0 robe of Exclusion {rF+ rN+}
   997 | D:2      | Found a faded altar of an unknown god.
  1011 | D:2      | Reached skill level 5 in Fighting
  1016 | D:2      | Reached XP level 4. HP: 24/31 MP: 4/4
  1530 | D:2      | Noticed an ogre
  2372 | D:3      | Reached skill level 6 in Fighting
  2509 | D:3      | Reached XP level 5. HP: 36/36 MP: 5/5
  2642 | D:3      | Found a stormy altar of Qazlal.
  2642 | D:3      | Found a radiant altar of Vehumet.
  2642 | D:3      | Noticed a necrophage
  2649 | D:3      | Killed a necrophage
  2997 | D:1      | Slain by an ogre

Illustrated notes

Levels and vault maps discovered:
D:1:      minmay_arrival_four_houses, layout_basic
D:2:      layout_loops_corners, ebering_ecumenical_altar_abandoned
D:3:      layout_basic, gammafunk_temple_overflow_wave, guppyfry_early_orc_mine

Skill      XL: |  1  2  3  4 |
---------------+-------------+-----
Fighting       | 4 5 6 |  6.9
Armour         | |  3.2
Shields        | |  3.2
Unarmed Combat | |  2.0

Action                   |  1- 3 |  4- 6 || total
-------------------------+-------+-------++-------
Melee: Unarmed           |    34 |       ||    34
       Dagger            |    60 |   126 ||   186
       Long sword        |       |     2 ||     2
  Use: Potion            |       |     1 ||     1
Armor: Scale mail        |    36 |    54 ||    90
Dodge: Dodged            |    35 |    49 ||    84
Block: Buckler           |    14 |    24 ||    38
